 Dungeon Crawl Stone Soup version 0.30.0-5-g1a98f26d00 (webtiles) character file.

Game seed: 959590621737888169

265 SnakkuSnakku7 the Insei (level 5, -3/38 HPs)
             Began as a Vampire Hedge Wizard on May 12, 2023.
             Slain by a wyvern (14 damage)
             ... on level 4 of the Dungeon.
             The game lasted 00:03:03 (2237 turns).

SnakkuSnakku7 the Insei (Vampire Hedge Wizard)      Turns: 2237, Time: 00:03:04

Health: -3/38      AC: -2    Str: 11    XL:     5   Next: 99%
Magic:  9/9        EV: 12    Int: 17    God:
Gold:   197        SH:  0    Dex: 13    Spells: 9/10 levels left

rFire   . . .        h - +2 dagger (venom)
rCold   . . .        v - orb {*Rage}
rNeg    . . .        b - +0 robe
rPois   +            c - +0 hat
rElec   .            (no cloak)
rCorr   .            (no gloves)
SInv    +            (no boots)
Will    .....        (no amulet)
Stlth   ++           p - ring of poison resistance
HPRegen 0.46/turn    (no ring)
MPRegen 0.11/turn

%: random rage (20%)
@: corroded, healing quickly
A: alive, fangs 3, see invisible, vampiric 2, poison resistance, devolution 1
a: Exsanguinate


You were on level 4 of the Dungeon.
You visited 1 branch of the dungeon, and saw 4 of its levels.

You collected 197 gold pieces.

Inventory:

Hand Weapons
 a - a +0 dagger
 h - a +2 dagger of venom (weapon)
Missiles
 m - 9 poisoned darts
Armour
 b - a +0 robe (worn)
 c - a +0 hat (worn)
 v - an orb of wrath (worn)
Jewellery
 p - a ring of poison resistance (left hand)
 r - a +6 ring of intelligence
Wands
 y - a wand of polymorph (2)
Scrolls
 g - 2 scrolls of teleportation {unknown}
 i - a scroll of poison {unknown}
 n - 2 scrolls of blinking {unknown}
 o - 2 scrolls of enchant weapon {unknown}
 u - 2 scrolls of torment {unknown}
 x - a scroll of enchant armour {unknown}
 z - a scroll of brand weapon {unknown}
 A - a scroll of fog {unknown}
 B - a scroll of noise {unknown}
Potions
 d - 2 potions of magic
 e - 2 potions of heal wounds {unknown}
 f - a potion of attraction {unknown}
 j - 2 potions of mutation
 k - a potion of invisibility {unknown}
 l - 2 potions of ambrosia {unknown}
 q - a potion of curing
 s - a potion of degeneration {unknown}
 t - a potion of cancellation {unknown}
 w - a potion of brilliance {unknown}


   Skills:
 - Level 2.1 Fighting
 + Level 2.4 Throwing
 - Level 2.1 Dodging
 - Level 3.0 Stealth
 + Level 4.4 Unarmed Combat
 - Level 3.0 Spellcasting
 - Level 0.6 Conjurations
 - Level 1.0 Summonings
 - Level 0.7 Translocations


You had 9 spell levels left.
You knew the following spells:

 Your Spells              Type           Power      Damage    Failure   Level
a - Magic Dart            Conj           16%        1d3       14%         1

Your spell library contained the following spells:

 Spells                   Type           Power      Damage    Failure   Level
 Slow                     Hex            8%         N/A       17%         1
 Call Imp                 Summ           10%        N/A       17%         2
 Blink                    Tloc           10%        N/A       21%         2
 Searing Ray              Conj           8%         2d4       21%         2
 Cigotuvi's Dreadful Rot  Necr/Pois/Air  4%         N/A       26%         2
 Mephitic Cloud           Conj/Pois/Air  3%         N/A       43%         3
 Fulminant Prism          Conj/Hex       1%         3d5       83%         4


Dungeon Overview and Level Annotations

Branches:
Dungeon (4/15)
 Temple: D:4-7

Altars:
Okawaru


Innate Abilities, Weirdness & Mutations

Your natural rate of healing is accelerated.
You have razor-sharp teeth.
You have supernaturally acute eyesight. (SInv)
You are afflicted with vampirism and can become a bat while bloodless.
Your system is resistant to poisons. (rPois)
You have hidden genetic defects.


Message History

A jelly is nearby!
No target in view!
No target in view!
The kobold hits you with a +0 club.
You hit the kobold.
You kill the kobold!
No target in view!
No target in view!
Found a stone staircase leading down.
m - 9 poisoned darts (gained 5)
You see here a +0 club.
B - a scroll labelled QOLOINL GIVU A jelly is nearby!
You start putting on your armour.
You continue putting on your orb of wrath. x4
You finish putting on your orb of wrath.
The jelly quivers.
The jelly hits you.
You are splashed with acid.
You hit the jelly.
Your hands burn!
The jelly is lightly wounded.
The jelly hits you. The acid corrodes you!
You are splashed with acid.
You hit the jelly.
Your hands burn!
The jelly is moderately wounded.
The jelly hits you.
You are splashed with acid!
* * * LOW HITPOINT WARNING * * *
You are too injured to fight recklessly!
You are too injured to fight recklessly!
You are too injured to fight recklessly!
Aiming: Polymorph
Press: ? - help, Shift-Dir - straight line, f - jelly
Aim: a jelly (moderately wounded, will become a killer bee, a steam dragon, or a wyvern, chance to affect: 57%)
The jelly evaporates and reforms as a wyvern!
The wyvern bites you!
* * * LOW HITPOINT WARNING * * *
It was a potion of mutation.
You feel extremely strange.
You feel a hidden malignance growing inside you.
You feel resistant to poisons. The wyvern barely misses you. x2
It was a potion of curing.
You feel better. The wyvern bites you!
You die...

#....(.....#
#.#.
#.#######..#
#... #.# #..#
##.#
##.#######..#
#.#
...........#
#.#
#.########.#
#.#
#.#..>..)..#
#.#
#.#.###.##.#
#†# #.@.#
#>...# #..
###l###.####
### #.....#
########
###.###
.......( #.#
######## #.#
#.# #.# #..


You could see a wyvern.

Vanquished Creatures
  Duvessa (D:4)
  Dowan (D:4)
  An orc wizard (D:4)
  4 adders
  A worm (D:2)
  2 dart slugs
  6 orcs
  8 bats
  5 endoplasms
  2 giant cockroaches
  A goblin (D:3)
  3 quokkas
  5 ball pythons
  3 frilled lizards
  6 kobolds
  3 rats
52 creatures vanquished.

Notes
Turn   | Place    | Note
-------+----------+-------------------------------------------
     0 | D:1      | SnakkuSnakku7 the Vampire Hedge Wizard began the quest for
                  | the Orb.
     0 | D:1      | Reached XP level 1. HP: 13/13 MP: 4/4
   127 | D:1      | Noticed a great orb of eyes
   129 | D:1      | Found a faded altar of an unknown god.
   130 | D:1      | Noticed an eye of devastation
   130 | D:1      | Noticed a golden eye
   130 | D:1      | Noticed an eye of devastation
   167 | D:1      | Reached skill level 1 in Unarmed Combat
   305 | D:1      | Reached skill level 1 in Fighting
   305 | D:1      | Reached XP level 2. HP: 21/21 MP: 6/6
   581 | D:2      | You fall into a shaft and drop 2 floors!
   596 | D:4      | Noticed Duvessa
   596 | D:4      | Noticed Dowan
   782 | D:2      | Reached skill level 2 in Unarmed Combat
   782 | D:2      | Gained mutation: You are afflicted with vampirism and can
                  | become a bat while bloodless. [Vampire growth]
   782 | D:2      | Reached XP level 3. HP: 4/26 MP: 7/7
   935 | D:2      | Found an iron altar of Okawaru.
  1936 | D:4      | Reached XP level 4. HP: 27/33 MP: 8/8
  1998 | D:4      | Reached skill level 1 in Throwing
  1998 | D:4      | Reached skill level 3 in Unarmed Combat
  2104 | D:4      | Killed Duvessa
  2105 | D:4      | Reached skill level 4 in Unarmed Combat
  2105 | D:4      | Reached XP level 5. HP: 32/38 MP: 9/9
  2150 | D:4      | Killed Dowan
  2235 | D:4      | a jelly changed into a wyvern
  2235 | D:4      | Noticed a wyvern
  2236 | D:4      | Gained mutation: You have hidden genetic defects. [potion
                  | of mutation]
  2236 | D:4      | Gained mutation: Your system is resistant to poisons.
                  | (rPois) [potion of mutation]
  2237 | D:4      | Slain by a wyvern

Illustrated notes

Levels and vault maps discovered:
D:1:      dpeg_arrival_solitude, layout_loops_ring,
          hellmonk_ecumenical_altar_watching_god
D:2:      layout_loops_ring, basic_altar, minmay_misc_feat_columns
D:3:      layout_loops_ring, overflow_temple_1_default
D:4:      layout_loops_ring, hangedman_decor_points, uniq_duvessa

Skill      XL: |  1  2  3  4 |
---------------+-------------+-----
Unarmed Combat | 1 2 4 |  4.4
Fighting       | 1 2 |  2.1
Throwing       | 2 |  2.4
Dodging        | |  2.1
Stealth        | |  3.0
Spellcasting   | |  3.0
Conjurations   | |  0.6
Summonings     | |  1.0
Translocations | |  0.7

Action                     |  1- 3 |  4- 6 || total
---------------------------+-------+-------++-------
  Melee: Dagger            |    87 |    43 ||   130
         Bite              |     6 |     6 ||    12
         Punch             |     5 |       ||     5
  Evoke: Wand              |       |     1 ||     1
    Use: Potion            |       |     2 ||     2
   Stab: Sleeping          |     8 |     1 ||     9
 Armour: Robe              |    19 |     1 ||    20
  Dodge: Dodged            |    65 |    20 ||    85
